cohdb
Replays
Latest Replays
All Replays
Popular Replays
Top Player Replays
Match Explorer
How It Works
Community
CoH3 Stats
Reddit
Sign in to upload your games and track your stats! →
Sign in with Steam
Match 47257781
Unlisted
Match 47257781
Overview
Messages
Build Orders
End
Pioneer Squad
Construct Infanterie Kompanie
Grenadier Squad
Grenadier Squad
MG 42 Machine Gun Team
Construct Luftwaffe Kompanie
Flak 30 Anti-aircraft Gun Team
221 Scout Car
Medical Station
Support Elements
Wirbelwind Flakpanzer
Marder III M Tank Destroyer
Wirbelwind Flakpanzer
Selects Mechanized Battlegroup
Selects Raid Package
Selects StuG Assault Group
Selects Panther Heavy Tank
Panther Heavy Tank
Jäger Squad
Jäger Squad
Panther Heavy Tank
Selects Mobile Repair Stations
Panther Heavy Tank
Jäger Squad
Selects Spotting Scopes
Selects Wespe Self-propelled Artillery
Jäger Squad
Wirbelwind Flakpanzer
Kettenkrad Recon Vehicle
Kettenkrad Recon Vehicle
Kettenkrad Recon Vehicle
Nico-Nico-Nii~~
Tonimontana
0
0
Comments
sign in to comment!
No comments posted yet!